 Dungeon Crawl Stone Soup version 0.30-a0-223-gcb0039aa0c (webtiles) character file.

Game seed: 17995369586140399061

21 qw the Shield-Bearer (level 2, -3/19 HPs)
             Began as a Gargoyle Fighter on Oct 9, 2022.
             Slain by a gnoll
             ... wielding a +0 vampiric halberd
              (9 damage)
             ... on level 2 of the Dungeon.
             The game lasted 00:00:18 (1042 turns).

qw the Shield-Bearer (Gargoyle Fighter)             Turns: 1042, Time: 00:00:18

Health: -3/19      AC: 11    Str: 19    XL:     2   Next: 87%
Magic:  2/2        EV:  7    Int:  8    God:
Gold:   63         SH:  4    Dex:  9    Spells: 1/1 levels left

rFire   . . .      SeeInvis .    Y - +0 war axe
rCold   . . .      Faith    .    c - +0 buckler
rNeg    + . .      Spirit   .    g - +0 chain mail
rPois   inf        Reflect  .    (no helmet)
rElec   +          Harm     .    (no cloak)
rCorr   .          Rampage  .    (no gloves)
Will    .....                    (no boots)
Stlth   ..........               (no amulet)
HPRegen 0.23/turn                (no ring)
MPRegen 0.08/turn                (no ring)

@: no status effects
A: sickness immunity, AC +2, negative energy resistance 1, electricity
resistance, torment resistance 1, petrification resistance
a: no special abilities


You were on level 2 of the Dungeon.
You visited 1 branch of the dungeon, and saw 2 of its levels.

You collected 63 gold pieces.


Innate Abilities, Weirdness & Mutations

You are immune to sickness and miasma.
Your stone body is resilient. (AC +2)
You are immune to poison.
You resist negative energy. (rN+)
You are resistant to electric shocks. (rElec)
You are resistant to unholy torment.
You are immune to petrification.


   Skills:
 - Level 3.2 Fighting
 + Level 3.0 Axes
 - Level 3.2 Armour
 - Level 3.2 Shields


You had one spell level left.
You didn't know any spells.
Your spell library was empty.

Inventory:

Hand Weapons
 h - a +0 whip
 Y - a +0 war axe (weapon)
Armour
 a - a +0 plate armour
 c - a +0 buckler (worn)
 g - a +0 chain mail (worn)
Scrolls
 f - a scroll of identify {unknown}
 i - a scroll of fear {unknown}
Potions
 b - a potion of flight {unknown}
 d - a potion of might
 e - 2 potions of cancellation

Dungeon Overview and Level Annotations

Branches:
Dungeon (2/15)

Altars:


Message History

You now have 53 gold pieces (gained 15).
You open the door.
There is an open door here.
Found 7 stones.
Enter note:
Enter note:
Found a stone staircase leading up.
Enter note: A ball python comes into view.
Found a scroll labelled FIPPATATRO.
The ball python hisses angrily.
You slash the ball python!
You kill the ball python!
a - a +0 plate armour
There is a stone staircase leading up here.
b - a green potion
Enter note:
Enter note:
f - a scroll labelled FIPPATATRO
Found a book of Frost.
Enter note: You now have 63 gold pieces (gained 10).
i - a scroll labelled DISCHE DUBA
Enter note:
Enter note: 2 gnolls come into view.
A gnoll is wielding a +0 vampiric halberd.
The gnoll moves out of view.
A gnoll comes into view. It is wielding a +0 whip.
The gnoll hits you from afar with a +0 vampiric halberd!
You barely miss the gnoll.
The gnoll shouts!
The gnoll barely misses you.
The gnoll hits you from afar with a +0 vampiric halberd!
You barely miss the gnoll. The gnoll closely misses you. x2
An endoplasm comes into view.
The gnoll hits you but does no damage.
The gnoll hits you from afar with a +0 vampiric halberd!
You die...

.......#.........
#......#........# .
##......#........# ..
.................. #..
#.....#...##..... ....
#........#...... .....
####.....#......
.J....######.....#......
...g.g.@..............##
.......g..............##
.................#....#.
.................#......
..##...#.........#.##.#.
. #...#.....#...# #.#.
#.........#...# #...
#......####...# .....
..... .#......


You could see 3 gnolls and an endoplasm (wandering).

Vanquished Creatures
  2 dart slugs (D:1)
  2 ball pythons
  An endoplasm (D:1)
  2 goblins (D:1)
  3 kobolds (D:1)
  A quokka (D:1)
  3 bats (D:1)
  3 frilled lizards (D:1)
17 creatures vanquished.

Notes
Turn   | Place    | Note
-------+----------+-------------------------------------------
     0 | D:1      | qw the Gargoyle Fighter began the quest for the Orb.
     0 | D:1      | Reached XP level 1. HP: 14/14 MP: 1/1
     0 | D:1      | 0 ||| qw: Version: 0.2-a-17-g06abaee
     0 | D:1      | 0 ||| qw: Game counter: 2227
     0 | D:1      | 0 ||| qw: Always use a shield: true
     0 | D:1      | 0 ||| qw: God list: Okawaru
     0 | D:1      | 0 ||| qw: Allow faded altars: false
     0 | D:1      | 0 ||| qw: Do Orc after D:15 true
     0 | D:1      | 0 ||| qw: Do second Lair branch before Depths: true
     0 | D:1      | 0 ||| qw: Lair rune preference: random
     0 | D:1      | 0 ||| qw: Plans: Normal, Zot:1-4, God:TSO, Crypt, Tomb,
                  | Pan, Slime:5, Hells, Abyss, Orb
     0 | D:1      | 0 ||| PLANNING D:1-11
   112 | D:1      | 112 ||| Stepping ~*~*~tactically~*~*~ (hiding).
   286 | D:1      | 286 ||| Stepping ~*~*~tactically~*~*~ (stealth).
   297 | D:1      | Reached XP level 2. HP: 13/19 MP: 2/2
   396 | D:1      | 396 ||| DROPPING +0 club.
   563 | D:1      | 563 ||| Stepping ~*~*~tactically~*~*~ (stealth).
   818 | D:1      | Reached skill level 3 in Axes
   912 | D:1      | 912 ||| UPGRADING to +0 chain mail.
   922 | D:1      | 922 ||| DROPPING +0 scale mail.
   923 | D:1      | 923 ||| READING scroll labelled ICIEHEDDOK.
   924 | D:1      | 924 ||| READING scroll labelled TERUEBITID.
   925 | D:1      | 925 ||| DRINKING 3 lumpy black potions.
  1042 | D:2      | Slain by a gnoll

Levels and vault maps discovered:
D:1:      roderic_octagonal_star, layout_loops_ring,
          shapermc_ecumenical_altar_petra
D:2:      layout_basic

Skill      XL: |  1  2 |
---------------+-------+-----
Axes           | 2 3 |  3.0
Fighting       | |  3.2
Armour         | |  3.2
Shields        | |  3.2

Action                   || total
-------------------------++-------
Melee: War axe           ||    50
  Use: Scroll            ||     2
       Potion            ||     1
Armor: Scale mail        ||    31
       Chain mail        ||     1
Dodge: Dodged            ||    19
Block: Buckler           ||     9

Table legend:
 A = Non-vault XP
 B = Vault XP
 C = Vault XP percentage of total XP
 D = Non-vault monster count
 E = Vault monster count
 F = Vault count percentage of total count
                 A         B        C        D         E       F
            +---------+---------+-------+---------+---------+-------
      Total |      31 |       0 |   0.0 |      17 |       0 |   0.0
            +---------+---------+-------+---------+---------+-------
        D:1 |      30 |       0 |   0.0 |      16 |       0 |   0.0
        D:2 |       1 |       0 |   0.0 |       1 |       0 |   0.0
            +---------+---------+-------+---------+---------+-------
